3AA
OTTAWA NATIONALS @ YAKIMA HOPS
05/21/2021
 
TOP OF THE 1ST
Ottawa Nationals batting - Pitching for Yakima Hops : RHP Curt Tate
Pitching: RHP Curt Tate
Batting: RHB Anthony Trujillo 0-0: Ball
1-0: Reached on error, E4 (Groundball, 4)
Batting: RHB Stan Pierce 0-0: Ball
1-0: Ball
2-0: Ground out 5-3 (Groundball, 15S)
Anthony Trujillo to third
Batting: RHB Dan Bernard 0-0: Called Strike
0-1: SINGLE (Line Drive, 6MD)
Anthony Trujillo scores
Batting: RHB Dirk Davis 0-0: Ball
1-0: Called Strike
1-1: Fly out, F5 (Popup, 5F)
Batting: RHB Jack O'Brien 0-0: Foul Ball, location: 2F
0-1: Called Strike
0-2: Strikes out looking
Top of the 1st over - 1 run(s), 1 hit(s), 1 error(s), 1 left on base; Ottawa 1 - Yakima 0
BOTTOM OF THE 1ST
Yakima Hops batting - Pitching for Ottawa Nationals : RHP Ángelo Cabrera
Pitching: RHP Ángelo Cabrera
Batting: SHB Carlos Sánchez 0-0: Ball
1-0: Called Strike
1-1: Swinging Strike
1-2: Ball
2-2: Ball
3-2: Strikes out swinging
Batting: RHB Rafael Durango 0-0: Ball
1-0: Ball
2-0: Fly out, F7 (Flyball, 7LS)
Batting: RHB Marshall Attwood 0-0: Fly out, F9 (Flyball, 89M)
Bottom of the 1st over - 0 run(s), 0 hit(s), 0 error(s), 0 left on base; Ottawa 1 - Yakima 0
TOP OF THE 2ND
Ottawa Nationals batting - Pitching for Yakima Hops : RHP Curt Tate
Batting: RHB Héctor Rojas 0-0: Called Strike
0-1: Swinging Strike
0-2: Strikes out swinging
Batting: RHB Tim Giap 0-0: Called Strike
0-1: Called Strike
0-2: Ball
1-2: Ball
2-2: Ball
3-2: Foul Ball, location: 2F
3-2: Strikes out looking
Batting: RHB Jesús Soto 0-0: Ball
1-0: Called Strike
1-1: Reached on error, E4 (Groundball, 13)
Batting: RHB Luke Turner 0-0: Ball
1-0: Foul Ball, location: 2F
1-1: Fly out, F6 (Popup, 5D)
Top of the 2nd over - 0 run(s), 0 hit(s), 1 error(s), 1 left on base; Ottawa 1 - Yakima 0
BOTTOM OF THE 2ND
Yakima Hops batting - Pitching for Ottawa Nationals : RHP Ángelo Cabrera
Batting: RHB Manuel Rodríguez 0-0: Fly out, F8 (Flyball, 8RM)
Batting: RHB Cal Jackson 0-0: Called Strike
0-1: Foul Ball, location: 2F
0-2: Strikes out looking
Batting: RHB Michael Martin 0-0: Ball
1-0: Called Strike
1-1: Ball
2-1: Ball
3-1: Base on Balls
Batting: RHB Edgar García 0-0: Called Strike
0-1: Ball
Michael Martin steals 2nd base
1-1: Ball
2-1: Foul Ball, location: 2F
2-2: Fly out, F9 (Popup, 9S)
Bottom of the 2nd over - 0 run(s), 0 hit(s), 0 error(s), 1 left on base; Ottawa 1 - Yakima 0
TOP OF THE 3RD
Ottawa Nationals batting - Pitching for Yakima Hops : RHP Curt Tate
Batting: RHB Anthony Trujillo 0-0: Ball
1-0: Ball
2-0: Swinging Strike
2-1: Called Strike
2-2: Ball
3-2: Strikes out swinging
Batting: RHB Stan Pierce 0-0: Ball
1-0: Called Strike
1-1: Swinging Strike
1-2: Strikes out swinging
Batting: RHB Dan Bernard 0-0: Called Strike
0-1: Ball
1-1: Ball
2-1: Foul Ball, location: 2F
2-2: Fly out, F7 (Flyball, 78M)
Top of the 3rd over - 0 run(s), 0 hit(s), 0 error(s), 0 left on base; Ottawa 1 - Yakima 0
BOTTOM OF THE 3RD
Yakima Hops batting - Pitching for Ottawa Nationals : RHP Ángelo Cabrera
Batting: RHB William Gaines 0-0: Ball
1-0: Foul Ball, location: 2F
1-1: Foul Ball, location: 2F
1-2: SINGLE (Groundball, 56D)
Batting: RHB Miguel Torres 0-0: Ball
Wild Pitch!
William Gaines to second
1-0: Ball
2-0: Ball
3-0: Called Strike
3-1: Foul Ball, location: 2F
3-2: SINGLE (Line Drive, 9S)
William Gaines to third
Batting: SHB Carlos Sánchez 0-0: Ball
1-0: Foul Ball, location: 2F
1-1: Foul Ball, location: 2F
1-2: Ball
2-2: Foul Ball, location: 2F
2-2: Ball
3-2: Base on Balls
Miguel Torres to second
Batting: RHB Rafael Durango 0-0: DOUBLE (Line Drive, 7LS)
William Gaines scores
Miguel Torres scores
Carlos Sánchez to third
Runner from 3rd tries for Home, throw and OUT!
Rafael Durango to third
Batting: RHB Marshall Attwood 0-0: Called Strike
0-1: DOUBLE (Flyball, 8RM)
Rafael Durango scores
Batting: RHB Manuel Rodríguez 0-0: SINGLE (Flyball, 8RS)
Marshall Attwood to third
Runner from 3rd tries for Home, SAFE, no throw or cutoff
Batting: RHB Cal Jackson 0-0: Ball
1-0: Swinging Strike
1-1: Ball
2-1: Swinging Strike
2-2: Foul Ball, location: 2F
2-2: Fly out, F5 (Popup, 5S)
Batting: RHB Michael Martin 0-0: Ball
1-0: Called Strike
1-1: Ball
2-1: Foul Ball, location: 2F
2-2: Strikes out swinging
Bottom of the 3rd over - 4 run(s), 5 hit(s), 0 error(s), 1 left on base; Ottawa 1 - Yakima 4
TOP OF THE 4TH
Ottawa Nationals batting - Pitching for Yakima Hops : RHP Curt Tate
Batting: RHB Dirk Davis 0-0: Ball
1-0: Foul Ball, location: 2F
1-1: Called Strike
1-2: Foul Ball, location: 2F
1-2: Fly out, F9 (Flyball, 9S)
Batting: RHB Jack O'Brien 0-0: Ball
1-0: Ball
2-0: Fly out, F8 (Flyball, 8LM)
Batting: RHB Héctor Rojas 0-0: Foul Ball, location: 2F
0-1: DOUBLE (Flyball, 78XD)
Batting: RHB Tim Giap 0-0: Fly out, F8 (Flyball, 8LXD)
Top of the 4th over - 0 run(s), 1 hit(s), 0 error(s), 1 left on base; Ottawa 1 - Yakima 4
BOTTOM OF THE 4TH
Yakima Hops batting - Pitching for Ottawa Nationals : RHP Ángelo Cabrera
Batting: RHB Edgar García 0-0: Called Strike
0-1: Ball
1-1: Foul Ball, location: 2F
1-2: Ground out 6-3 (Groundball, 6S)
Batting: RHB William Gaines 0-0: Ball
1-0: Ball
2-0: Ball
3-0: Base on Balls
Batting: RHB Miguel Torres 0-0: Called Strike
0-1: Called Strike
0-2: Fly out, F9 (Flyball, 89M)
Batting: SHB Carlos Sánchez 0-0: Ball
1-0: Ball
2-0: Ball
3-0: Called Strike
3-1: Base on Balls
William Gaines to second
Batting: RHB Rafael Durango 0-0: Ball
1-0: SINGLE (Groundball, 56D)
William Gaines to third
Carlos Sánchez to second
Runner from 3rd tries for Home, SAFE, no throw or cutoff
Batting: RHB Marshall Attwood 0-0: Fly out, F7 (Flyball, 78M)
Bottom of the 4th over - 1 run(s), 1 hit(s), 0 error(s), 2 left on base; Ottawa 1 - Yakima 5
TOP OF THE 5TH
Ottawa Nationals batting - Pitching for Yakima Hops : RHP Curt Tate
Batting: RHB Jesús Soto 0-0: Called Strike
0-1: Ball
1-1: Ball
2-1: Foul Ball, location: 2F
2-2: Ball
3-2: Base on Balls
Batting: RHB Luke Turner 0-0: Foul Ball, location: 2F
0-1: Ground out 5-3 (Groundball, 5S)
Jesús Soto to second
Batting: RHB Anthony Trujillo 0-0: Ball
1-0: Foul Ball, location: 2F
1-1: SINGLE (Groundball, 56D)
Jesús Soto to third
Runner from 3rd tries for Home, SAFE, throw made home
Anthony Trujillo to second
Batting: RHB Stan Pierce 0-0: Ball
1-0: Called Strike
1-1: Foul Ball, location: 2F
1-2: Ball
2-2: Ball
Balk!
Anthony Trujillo to third
3-2: Base on Balls
Batting: RHB Dan Bernard 0-0: Foul Ball, location: 2F
0-1: Called Strike
0-2: Ball
1-2: Fly out, F9 (Flyball, 9M)
Runner from 3rd tags up, SCORES, no throw
Batting: RHB Dirk Davis 0-0: Ball
1-0: Called Strike
1-1: Ground out 6-3 (Groundball, 6)
Top of the 5th over - 2 run(s), 1 hit(s), 0 error(s), 1 left on base; Ottawa 3 - Yakima 5
BOTTOM OF THE 5TH
Yakima Hops batting - Pitching for Ottawa Nationals : RHP Ángelo Cabrera
Batting: RHB Manuel Rodríguez 0-0: Ball
1-0: Ball
2-0: Called Strike
2-1: Ball
3-1: SINGLE (Line Drive, 6MD)
Batting: RHB Cal Jackson 0-0: Ball
1-0: Grounds into double play, 5-4-3 (Groundball, 56)
Batting: RHB Michael Martin 0-0: Ball
1-0: Swinging Strike
1-1: Ball
2-1: Foul Ball, location: 2F
2-2: Foul Ball, location: 2F
2-2: Ball
3-2: Foul Ball, location: 2F
3-2: Foul Ball, location: 2F
3-2: Foul Ball, location: 2F
3-2: Ground out 1-3 (Groundball, 15)
Bottom of the 5th over - 0 run(s), 1 hit(s), 0 error(s), 0 left on base; Ottawa 3 - Yakima 5
TOP OF THE 6TH
Ottawa Nationals batting - Pitching for Yakima Hops : RHP Curt Tate
Batting: RHB Jack O'Brien 0-0: Ball
1-0: Ball
2-0: Ground out 6-3 (Groundball, 6M)
Batting: RHB Héctor Rojas 0-0: Ball
1-0: Called Strike
1-1: Called Strike
1-2: Ground out 5-3 (Groundball, 56)
Batting: RHB Tim Giap 0-0: Ball
1-0: Fly out, F7 (Flyball, 7M)
Top of the 6th over - 0 run(s), 0 hit(s), 0 error(s), 0 left on base; Ottawa 3 - Yakima 5
BOTTOM OF THE 6TH
Yakima Hops batting - Pitching for Ottawa Nationals : RHP Ángelo Cabrera
Batting: RHB Edgar García 0-0: Ball
1-0: Foul Ball, location: 2F
1-1: Ball
2-1: Ball
3-1: SINGLE (Line Drive, 4M)
Batting: RHB William Gaines 0-0: Sac Bunt - play at first, batter OUT! 3-4
Edgar García to second
Batting: RHB Miguel Torres 0-0: Ball
1-0: Ball
2-0: Ball
3-0: Base on Balls
Batting: SHB Carlos Sánchez 0-0: SINGLE (Groundball, 6MD)
Edgar García to third
Miguel Torres to second
Runner from 3rd tries for Home, SAFE, no throw or cutoff
Pitching: RHP Larry Gordon
Batting: RHB Rafael Durango 0-0: Called Strike
0-1: Hit by Pitch
Miguel Torres to third
Carlos Sánchez to second
Batting: RHB Marshall Attwood 0-0: Called Strike
0-1: Ball
1-1: Foul Ball, location: 2F
1-2: Fly out, F7 (Flyball, 7S)
Batting: RHB Manuel Rodríguez 0-0: Called Strike
0-1: Ball
1-1: Ball
2-1: Called Strike
2-2: DOUBLE (Line Drive, 5D)
Miguel Torres scores
Carlos Sánchez scores
Rafael Durango to third
Runner from 3rd tries for Home, SAFE, no throw or cutoff
Batting: RHB Cal Jackson 0-0: 2-RUN HOME RUN (Flyball, 7D), Distance : 400 ft
Pitching: LHP Martin Bennett
Batting: RHB Michael Martin 0-0: Ball
1-0: Ball
2-0: Ball
3-0: Called Strike
3-1: Ground out 5-3 (Groundball, 5)
Bottom of the 6th over - 6 run(s), 4 hit(s), 0 error(s), 0 left on base; Ottawa 3 - Yakima 11
TOP OF THE 7TH
Ottawa Nationals batting - Pitching for Yakima Hops : RHP Curt Tate
Batting: RHB Jesús Soto 0-0: Called Strike
0-1: Ball
1-1: Ball
2-1: Ground out 5-3 (Groundball, 5L)
Batting: RHB Luke Turner 0-0: Called Strike
0-1: Foul Ball, location: 2F
0-2: Foul Ball, location: 2F
0-2: Ball
1-2: Fly out, F6 (Popup, 4MD)
Batting: RHB Anthony Trujillo 0-0: Ball
1-0: Swinging Strike
1-1: Ball
2-1: Swinging Strike
2-2: Foul Ball, location: 2F
2-2: Foul Ball, location: 2F
2-2: Strikes out swinging
Top of the 7th over - 0 run(s), 0 hit(s), 0 error(s), 0 left on base; Ottawa 3 - Yakima 11
BOTTOM OF THE 7TH
Yakima Hops batting - Pitching for Ottawa Nationals : LHP Martin Bennett
Batting: RHB Edgar García 0-0: Called Strike
0-1: Swinging Strike
0-2: SINGLE (Groundball, 5D)
Batting: RHB William Gaines 0-0: Bunted foul
0-1: Bunted foul
0-2: Ball
1-2: Ball
2-2: Foul Ball, location: 2F
2-2: Ball
3-2: Foul Ball, location: 2F
3-2: Base on Balls
Edgar García to second
Batting: RHB Miguel Torres 0-0: Ball
1-0: Bunted foul
1-1: Sac Bunt - play at first, batter OUT! 1-4
Edgar García to third
William Gaines to second
Batting: SHB Carlos Sánchez 0-0: Ball
1-0: Ball
2-0: Fly out, F6 (Popup, 6D)
Batting: RHB Rafael Durango 0-0: Fly out, F9 (Flyball, 9M)
Bottom of the 7th over - 0 run(s), 1 hit(s), 0 error(s), 2 left on base; Ottawa 3 - Yakima 11
TOP OF THE 8TH
Ottawa Nationals batting - Pitching for Yakima Hops : RHP Curt Tate
Batting: RHB Stan Pierce 0-0: Called Strike
0-1: Called Strike
0-2: Foul Ball, location: 2F
0-2: Strikes out looking
Batting: RHB Dan Bernard 0-0: Called Strike
0-1: Foul Ball, location: 2F
0-2: Foul Ball, location: 2F
0-2: Ball
1-2: Strikes out looking
Batting: RHB Dirk Davis 0-0: Ball
1-0: Called Strike
1-1: Swinging Strike
1-2: Strikes out swinging
Top of the 8th over - 0 run(s), 0 hit(s), 0 error(s), 0 left on base; Ottawa 3 - Yakima 11
BOTTOM OF THE 8TH
Yakima Hops batting - Pitching for Ottawa Nationals : LHP Martin Bennett
Batting: RHB Marshall Attwood 0-0: Ball
1-0: Foul Ball, location: 2F
1-1: Ball
2-1: Ball
3-1: Base on Balls
Batting: RHB Manuel Rodríguez 0-0: Called Strike
0-1: Called Strike
0-2: Foul Ball, location: 2F
0-2: DOUBLE (Line Drive, 3D)
Marshall Attwood to third
Batting: RHB Cal Jackson 0-0: Fly out, F7 (Flyball, 78S)
Batting: RHB Michael Martin 0-0: DOUBLE (Groundball, 3L)
Marshall Attwood scores
Manuel Rodríguez scores
Batting: RHB Edgar García 0-0: Ball
Michael Martin is caught stealing 3rd base
1-0: Fly out, F7 (Flyball, 7M)
Bottom of the 8th over - 2 run(s), 2 hit(s), 0 error(s), 0 left on base; Ottawa 3 - Yakima 13
TOP OF THE 9TH
Ottawa Nationals batting - Pitching for Yakima Hops : RHP Curt Tate
Batting: RHB Jack O'Brien 0-0: Fly out, F7 (Line Drive, 7M)
Batting: RHB Héctor Rojas 0-0: Foul Ball, location: 2F
0-1: Ball
1-1: Called Strike
1-2: Ball
2-2: Foul Ball, location: 2F
2-2: Ball
3-2: Base on Balls
Pitching: RHP Steve Bryan
Batting: RHB Tim Giap 0-0: Called Strike
0-1: Ball
1-1: Fly out, F3 (Popup, 3SF)
Batting: RHB Jesús Soto 0-0: Ball
1-0: Ball
2-0: Foul Ball, location: 2F
2-1: Foul Ball, location: 2F
2-2: Strikes out swinging
Top of the 9th over - 0 run(s), 0 hit(s), 0 error(s), 1 left on base; Ottawa 3 - Yakima 13
This league is powered by Out of the Park Baseball, the baseball management simulation game for PC, Mac and Linux
Friday, January 22nd, 2016 - OOTP Baseball 16.9 Build 39